 Dungeon Crawl Stone Soup version 0.31-a0-875-g02e7d12df6 (webtiles) character file.

Game seed: 16869824593057161614

567 Gergoth the Grave Robber (level 7, -1/52 HPs)
             Began as a Mummy Necromancer on Oct 12, 2023.
             Killed from afar by a white imp (6 damage)
             ... with a puff of frost
             ... on level 5 of the Dungeon.
             The game lasted 00:12:48 (4567 turns).

Gergoth the Grave Robber (Mummy Necromancer)        Turns: 4567, Time: 00:12:49

Health: -1/52      AC:  2    Str: 11    XL:     7   Next: 11%
Magic:  14/14      EV: 12    Int: 16    God:
Gold:   241        SH:  0    Dex: 13    Spells: 3/15 levels left

rFire   x . .        h - +0 dagger (drain)
rCold   + . .        (no shield)
rNeg    + + +        a - +0 robe
rPois   ∞            (no helmet)
rElec   .            (no cloak)
rCorr   .            (no gloves)
SInv    .            (no boots)
Will    .....        (no amulet)
Stlth   ++           (no ring)
HPRegen 0.28/turn    (no ring)
MPRegen 0.14/turn

%: faith
@: no status effects
A: cold resistance 1, negative energy resistance 3, torment resistance 2, heat
vulnerability 1, in touch with death 1, no potions, faith
a: no special abilities


You were on level 5 of the Dungeon.
You visited 1 branch of the dungeon, and saw 5 of its levels.

You collected 241 gold pieces.

Inventory:

Hand Weapons
 h - a +0 dagger of draining (weapon)
Missiles
 b - 7 poisoned darts
 i - a throwing net
Armour
 a - a +0 robe (worn)
 f - a +0 robe
 g - a +0 scale mail
 k - a +0 leather armour
 m - a +3 ring mail
 n - a +0 scale mail
 q - a +0 leather armour
 r - a +0 robe
Magical Staves
 c - a staff of cold
Scrolls
 d - a scroll of blinking
 e - 2 scrolls of fog
 j - a scroll of butterflies {unknown}
 l - a scroll of fear
 o - 2 scrolls of poison
 p - a scroll of teleportation {unknown}


   Skills:
 * Level 3.2 Fighting
 + Level 1.9 Armour
 + Level 2.6 Dodging
 + Level 2.8 Stealth
 * Level 4.9 Spellcasting
 * Level 5.3 Necromancy


You had 3 spell levels left.
You knew the following spells:

 Your Spells              Type           Power      Damage    Failure   Level
a - Necrotise             Necr           100%       1d9       1%          1
b - Vampiric Draining     Necr           31%        2d8       5%          3
c - Gell's Gravitas       Tloc           3%         N/A       43%         3
d - Summon Mana Viper     Hex/Summ       3%         N/A       99%         5

Your spell library contained the following spells:

 Spells                   Type           Power      Damage    Failure   Level
 Ensorcelled Hibernation  Hex/Ice        6%         N/A       24%         2
 Lesser Beckoning         Tloc           6%         N/A       24%         2
 Passwall                 Tmut/Erth      2%         N/A       24%         2
 Swiftness                Air            3%         N/A       43%         3
 Teleport Other           Tloc           3%         N/A       43%         3
 Animate Dead             Necr           31%        N/A       17%         4
 Agony                    Necr           31%        N/A       43%         5
 Olgreb's Toxic Radiance  Pois           3%         N/A       83%         4
 Summon Ice Beast         Ice/Summ       3%         N/A       83%         4
 Monstrous Menagerie      Summ           1%         N/A       100%        7
 Discord                  Hex            1%         N/A       100%        8
 Ignition                 Fire           1%         3d3       100%        8


Dungeon Overview and Level Annotations

Branches:
Dungeon (5/15)
 Temple: D:4-7

Altars:
Ashenzari
Ru
Trog
Wu Jian

Annotations:
D:5 1 transporter


Innate Abilities, Weirdness & Mutations

You are immune to poison.
Your flesh is cold resistant. (rC+)
You are immune to negative energy. (rN+++)
You are immune to unholy pain and torment.
You are vulnerable to heat. (rF-)
You are in touch with the powers of death.
You do not drink.
You have a special connection with the divine. (Faith)


Message History

The white imp is moderately wounded.
The white imp hits you. The white imp freezes you. You resist.
You hit the white imp.
The white imp is heavily wounded.
The white imp misses you.
You closely miss the white imp.
The white imp is heavily wounded.
The white imp misses you.
You hit the white imp but do no damage.
The white imp is heavily wounded.
The white imp hits you. The white imp freezes you. You resist.
You barely miss the white imp.
The white imp is heavily wounded.
The white imp hits you. The white imp freezes you. You resist.
You closely miss the white imp.
The white imp is heavily wounded.
The white imp hits you but does no damage.
You hit the white imp.
The white imp is severely wounded.
The white imp gestures at you. The puff of frost misses you.
The white imp attacks as it pursues you!
The white imp completely misses you.
The white imp attacks as it pursues you!
The white imp hits you. The white imp freezes you. You resist.
The white imp attacks as it pursues you!
The white imp hits you. The white imp freezes you. You resist.
The white imp attacks as it pursues you!
The white imp hits you. The white imp freezes you. You resist.
* * * LOW HITPOINT WARNING * * *
The white imp gestures at you. The puff of frost hits you! You resist.
* * * LOW HITPOINT WARNING * * *
The white imp gestures at you. The puff of frost hits you. You resist.
* * * LOW HITPOINT WARNING * * *
The white imp picks up a beetle and eats it.
The white imp gestures at you. The puff of frost hits you. You resist.
You die...

#..#..#...#........#........###.
#..#..#._.#.#.#########.#.#.#
#..#..#...#.............#.#.#
#.....##.##.#############.#.#
#.#....#.#......... ..#.#
#.#..#.#.#.##.##### ..#.#
#.#....#.#......# ...#.# #
##.#..#.#'#....#.####.##...#.#
.' ............5...@.........>.
...# ##.##.#............##.##
#### #....#..........#.#
.#....########.###... ........
#.# ### .#.##.#.# #.# .#.#..# #
#.# .#.#.## #.# # #.# #


You could see a white imp.

Vanquished Creatures
  2 scorpions
  2 orc priests (D:5)
  2 hounds
  Jessica (D:2)
  An iguana (D:4)
  4 orc wizards
  6 gnolls
  2 adders
  2 worms
  A dart slug (D:1)
  17 orcs
  4 bats
  6 endoplasms
  6 giant cockroaches
  11 goblins
  3 hobgoblins
  10 kobolds
  A quokka (D:1)
  7 ball pythons
  5 frilled lizards
  6 rats
99 creatures vanquished.

Vanquished Creatures (collateral kills)
  A ball python (D:1)
1 creature vanquished.

Grand Total: 100 creatures vanquished

Notes
Turn   | Place    | Note
-------+----------+-------------------------------------------
     0 | D:1      | Gergoth the Mummy Necromancer began the quest for the Orb.
     0 | D:1      | Reached XP level 1. HP: 13/13 MP: 4/4
   180 | D:1      | Reached XP level 2. HP: 20/20 MP: 0/5
   785 | D:1      | Reached skill level 1 in Fighting
  1034 | D:2      | Reached XP level 3. HP: 26/26 MP: 5/7
  1068 | D:2      | Noticed Jessica
  1070 | D:2      | Killed Jessica
  1158 | D:2      | Found a faded altar of an unknown god.
  1325 | D:2      | Reached XP level 4. HP: 32/32 MP: 5/9
  2088 | D:3      | Reached skill level 1 in Armour
  2149 | D:3      | Found a sacrificial altar of Ru.
  2196 | D:3      | Reached XP level 5. HP: 36/38 MP: 6/10
  3060 | D:4      | Found a bloodstained altar of Trog.
  3071 | D:4      | Reached XP level 6. HP: 46/46 MP: 6/12
  3527 | D:4      | Found a broken altar of Ashenzari.
  3634 | D:5      | Entered Level 5 of the Dungeon
  3702 | D:5      | Reached skill level 5 in Necromancy
  3851 | D:5      | Learned a level 3 spell: Vampiric Draining
  3855 | D:5      | Learned a level 3 spell: Gell's Gravitas
  3861 | D:5      | Learned a level 5 spell: Summon Mana Viper
  4389 | D:5      | Found an ornate altar of the Wu Jian Council.
  4398 | D:5      | Reached XP level 7. HP: 52/52 MP: 8/14
  4525 | D:5      | Found a transporter.
  4567 | D:5      | Killed from afar by a white imp

Illustrated notes

Levels and vault maps discovered:
D:1:      matt_arrival_diagonals, layout_basic
D:2:      layout_loops_cross, chequers_ecumenical_altar_grove, st_stairs_6,
          uniq_jessica
D:3:      layout_basic, nicolae_ru_sacrificial_ziggurat,
          minmay_misc_feat_hallway, dreamdust_princess_bridge, feat_on_display
D:4:      layout_basic, mainiacjoe_overflow_cross_hatched,
          nicolae_overflow_hidden_temple, minmay_misc_feat_iff,
          dk_noncrumbling_2
D:5:      gammafunk_steamed_eel, layout_basic, mainiacjoe_overflow_tiny_flanked,
          mainiacjoe_overflow_surrounded_room, grunt_ministairs_13,
          minmay_misc_feat_encased

Skill      XL: |  1  2  3  4  5  6 |
---------------+-------------------+-----
Spellcasting   | 3 4 |  4.9
Fighting       | 1 2 3 |  3.2
Stealth        | 2 |  2.8
Armour         | 1 |  1.9
Dodging        | 2 |  2.6
Necromancy     | 5 |  5.3

Action                     |  1- 3 |  4- 6 |  7- 9 || total
---------------------------+-------+-------+-------++-------
  Melee: Unarmed           |     4 |       |       ||     4
         Dagger            |       |    20 |    15 ||    35
   Cast: Necrotise         |    63 |   126 |     6 ||   195
    Use: Scroll            |       |     4 |       ||     4
 Armour: Robe              |     6 |    28 |    18 ||    52
  Dodge: Dodged            |    10 |    41 |     9 ||    60

Table legend: (Time is in decaauts)
 A = Elapsed time spent in this place.
 B = Non-inter-level travel time spent in this place.
 C = Inter-level travel time spent in this place.
 D = Time resting spent in this place.
 E = Time spent auto-exploring this place.
 F = Levels seen in this place.
 G = Mean time per level.
                   A        B        C        D        E       F      G
               +--------+--------+--------+--------+--------+-----+--------+
         Total |   4567 |   4500 |     67 |    449 |   3061 |   5 |  913.4 |
       Dungeon |   4567 |   4500 |     67 |    449 |   3061 |   5 |  913.4 |
               +--------+--------+--------+--------+--------+-----+--------+

Top non-repeatable levels by time:
     D:4: 1040 daAuts
     D:1: 1005 daAuts
     D:2: 947 daAuts
     D:3: 862 daAuts
     D:5: 711 daAuts
